 Dungeon Crawl Stone Soup version 0.22-a0-259-gdd11e71 (webtiles) character file.

14043 mhoghedin the Protected (level 12, -5/126 HPs)
             Began as a Halfling Fighter on Mar 5, 2018.
             Was a High Priest of Trog.
             Slain by a minotaur (23 damage)
             ... in a labyrinth.
             The game lasted 00:31:37 (12264 turns).

mhoghedin the Protected (Halfling Fighter)         Turns: 12264, Time: 00:31:38

Health: -5/126     AC: 15    Str: 29    XL:     12   Next: 40%
Magic:  12/12      EV: 19    Int:  6    God:    Trog [*****.]
Gold:   65         SH: 15    Dex: 15    Spells: 11/11 levels left

rFire    . . .     SeeInvis .   b - +2 falchion (slice)
rCold    + . .     Gourm    .   k - +2 shield {AC+3}
rNeg     . . .     Faith    +   a - +1 leather armour "Aqibox" {rPois rC+ rCorr}
rPois    +         Spirit   .   u - +0 helmet
rElec    .         Reflect  .   m - +1 cloak
rCorr    +         Harm     .   (no gloves)
MR       ++...                  (no boots)
Stlth    ..........             l - amulet of faith {Faith, !P}
HPRegen  1.31/turn              G - +3 ring of protection
MPRegen  0.13/turn              d - +3 ring of strength

@: berserking (expiring), very slightly contaminated, regenerating, very quick
A: small, mutation resistance 1
a: Berserk, Trog's Hand, Brothers in Arms, Renounce Religion


You were in a labyrinth.
You worshipped Trog.
Trog was extremely pleased with you.
You were hungry.

You visited 1 branch of the dungeon, and saw 11 of its levels.
You also visited: Labyrinth.

You collected 529 gold pieces.
You spent 464 gold pieces at shops.

Inventory:

Hand Weapons
 b - a +2 falchion of slicing (weapon)
   (You found it on level 2 of the Dungeon)
Armour
 a - the +1 leather armour "Aqibox" (worn) {rPois rC+ rCorr}
   (You bought it in a shop on level 7 of the Dungeon)

   It protects you from cold.
   It protects you from poison.
   It protects you from acid and corrosion.
 k - a +2 shield of protection (worn)
   (You bought it in a shop on level 7 of the Dungeon)
 m - a +1 cloak (worn)
   (You found it on level 4 of the Dungeon)
 u - a +0 helmet (worn)
   (You found it on level 5 of the Dungeon)
 I - a +0 plate armour of magic resistance
   (You took it off an orc warrior on level 9 of the Dungeon)
Jewellery
 d - a +3 ring of strength (right hand)
   (You found it on level 3 of the Dungeon)
 l - an amulet of faith (around neck) {Faith, !P}
   (You found it on level 1 of the Dungeon)
 p - an uncursed ring of resist corrosion
   (You found it on level 3 of the Dungeon)
 A - an uncursed ring of flight {+Fly, !d}
   (You found it on level 7 of the Dungeon)
 E - an uncursed ring of protection from cold {rC+, !d}
   (You found it on level 8 of the Dungeon)
 G - a +3 ring of protection (left hand)
   (You found it on level 8 of the Dungeon)
Wands
 t - a wand of enslavement (15)
   (You found it on level 9 of the Dungeon)
 y - a wand of paralysis (19)
   (You found it on level 10 of the Dungeon)
 C - a wand of iceblast (5)
   (You found it on level 7 of the Dungeon)
Scrolls
 f - 3 scrolls of teleportation
 j - 2 scrolls of magic mapping {!r}
 v - 3 scrolls of immolation {!r}
 B - 2 scrolls of fog {unknown}
 D - a scroll of identify
 H - a scroll of enchant weapon
Potions
 e - 3 potions of heal wounds
 g - a potion of haste {unknown}
 h - 2 potions of flight
 i - 3 potions of mutation {!q}
 o - 2 potions of lignification {unknown}
 q - 5 potions of curing
 s - a potion of cancellation
 w - 2 potions of invisibility
 x - 2 potions of brilliance
 z - 2 potions of might
 J - a potion of resistance
Comestibles
 n - 6 rations


   Skills:
 + Level 8.5 Fighting
 + Level 9.0 Long Blades
 + Level 10.0 Armour
 + Level 9.4 Dodging
 + Level 10.0 Shields


You had 11 spell levels left.
You didn't know any spells.

Dungeon Overview and Level Annotations

Branches:
Dungeon (11/15)            Temple (0/1) D:6            Lair (0/6) D:11
    Orc (0/2) D:11

Altars:
Ashenzari
Cheibriados
Dithmenos
Hepliaklqana
Makhleb
Nemelex Xobeh
Okawaru
Ru
Sif Muna
Trog
Uskayaw
Vehumet

Shops:
D:4 !   D:7 [   D:8 [


Innate Abilities, Weirdness & Mutations

You are small and have problems with some larger weapons.
You are somewhat resistant to further mutation.


Message History

The now-empty wand crumbles to dust.
You don't have any such object.
Okay, then.
As you read the scroll of teleportation, it crumbles to dust.
You feel strangely unstable.
Unknown command.
Your surroundings suddenly seem different.
Health restored: 84 Unknown command.
Unknown command.
Unknown command.
As you read the scroll of teleportation, it crumbles to dust.
You feel strangely unstable.
Your surroundings seem slightly different.
Unknown command.
As you read the scroll of teleportation, it crumbles to dust.
You feel strangely unstable.
Your surroundings suddenly seem different.
You hear an odd grinding sound!
You feel a sudden draft!
A metal wall.
Unknown command.
A minotaur comes into view.
The minotaur bellows!
The minotaur throws a javelin.
The javelin hits you but does no damage.
Found a runed robe.
Found an escape hatch in the ceiling.
You see here a javelin.
The minotaur throws a javelin.
The javelin hits you!!
You see here a javelin.
You take 19 damage, and have 65/84 hp.
MASSIVE DAMAGE!!
Aim: a minotaur, wearing a plate armour (chance to defeat MR: 1%)
Okay, then.
Unknown command.
Okay, then.
Unknown command.
Okay, then.
Unknown command.
Okay, then.
Unknown command.
Your ogre goes berserk!
You feel quite a bit more hungry.
You see here a javelin.
You swap places.
The minotaur throws a javelin.
The javelin hits your ogre!
The minotaur throws a javelin.
The javelin hits your ogre!!!
Your ogre dies!
Your ogre's corpse disappears in a puff of smoke!
Your skin crawls.
You feel resistant to hostile enchantments.
You feel somewhat more hungry.
The minotaur throws a javelin.
The javelin hits you but does no damage.
The minotaur throws a javelin.
The javelin hits you!!
You see here 2 javelins.
You take 18 damage, and have 49/84 hp.
MASSIVE DAMAGE!!
Really read
F - a scroll of blinking {!r}?
Blink to where?
You are very lightly contaminated with residual magic.
As you read the scroll of blinking {!r}, it crumbles to dust.
The minotaur hits you but does no damage.
The minotaur gores you.
You take 5 damage, and have 44/84 hp.
A red film seems to cover your vision as you go berserk!
You feel yourself moving faster!
You feel mighty!
You are feeling hungry.
You block the minotaur's attack. x2
You now have 68/126 hp.
You hit the minotaur but do no damage. You slash the minotaur!
You block the minotaur's attack.
The minotaur gores you but does no damage.
Your shield and leather armour "Aqibox" prevent you from hitting the minotaur.
You slice the minotaur!! You block the minotaur's attack.
The minotaur gores you but does no damage.
You barely miss the minotaur. You hit the minotaur but do no damage.
The minotaur hits you! The minotaur gores you!
You take 20 damage, and have 51/126 hp.
You slash the minotaur! You block the minotaur's attack.
The minotaur gores you!!
* * * LOW HITPOINT WARNING * * *
You take 17 damage, and have 34/126 hp.
You barely miss the minotaur.
The minotaur furiously retaliates!
The minotaur headbutts you.
* * * LOW HITPOINT WARNING * * *
You take 1 damage, and have 33/126 hp.
You slash the minotaur!
You feel the effects of Trog's Hand fading.
You block the minotaur's attack. x2
You hit the minotaur but do no damage. You hit the minotaur.
The minotaur barely misses you.
You riposte.
You slash the minotaur! You block the minotaur's attack.
You hit the minotaur but do no damage. You block the minotaur's attack. x2
You hit the minotaur. You barely miss the minotaur. The minotaur hits you!!
* * * LOW HITPOINT WARNING * * *
You block the minotaur's attack.
You take 20 damage, and have 17/126 hp.
You slash the minotaur! The minotaur hits you!!
You die...

..▓
#.▓
#.▓
#.▓
#<▓
#.▓
#H▓ #
#@▓
#(▓
## #
#.▓
.. .
#.
#(▓ #
. #
#(▓ .
. ...
.#(▓
.
##.#
.# ##
#.▓ .
. #.▓
# # .
.####
.▓


You could see a minotaur.

Vanquished Creatures
  7 two-headed ogres
  An oklob plant (D:8)
  A deep elf mage (D:10)
  Psyche (D:8)
  3 trolls
  The ghost of Galewind the Firebug, an amateur DsFE (D:5)
  A hippogriff (D:10)
  A wraith (D:10)
  Sigmund (D:3)
  3 yaks (D:9)
  2 hungry ghosts
  2 wargs (D:10)
  A water moccasin (D:8)
  Duvessa (D:5)
  7 orc warriors
  A black bear (D:8)
  A phantom (D:9)
  2 ogres
  5 centaurs
  2 sky beasts
  4 bullfrogs
  2 big kobolds
  Dowan (D:5)
  2 scorpions
  3 killer bees
  A howler monkey (D:7)
  5 wights (D:6)
  3 crimson imps
  A centaur zombie (D:10)
  A quasit (D:7)
  8 jellies
  2 bullfrog skeletons
  5 hounds
  7 orc priests
  6 centaur skeletons
  11 orc wizards
  2 iguanas
  5 worker ants
  4 gnolls (D:3)
  2 howler monkey skeletons
  13 adders
  2 shadow imps
  18 oozes
  2 adder zombies
  2 adder skeletons
  3 worms
  5 dart slugs
  7 leopard geckos
  43 orcs
  10 bats
  5 giant cockroaches
  7 goblins
  8 hobgoblins
  10 jackals
  A quokka (D:4)
  A ball python (D:2)
  9 frilled lizards
  A jackal skeleton (D:6)
  15 kobolds
  A leopard gecko skeleton (D:4)
  A leopard gecko zombie (D:8)
  11 rats
294 creatures vanquished.

Vanquished Creatures (collateral kills)
  A centaur warrior (D:10)
  A troll (D:9)
  6 yaks (D:9)
  An orc warrior (D:9)
  An orc priest (D:9)
  4 orcs (D:9)
14 creatures vanquished.

Vanquished Creatures (others)
  2 fungi (D:8)
2 creatures vanquished.

Grand Total: 310 creatures vanquished

Notes
Turn   | Place    | Note
-------+----------+-------------------------------------------
     0 | D:1      | mhoghedin the Halfling Fighter began the quest for the Orb.
     0 | D:1      | Reached XP level 1. HP: 15/15 MP: 1/1
    23 | D:1      | Reached XP level 2. HP: 17/20 MP: 2/2
   573 | D:1      | Reached XP level 3. HP: 25/25 MP: 3/3
   582 | D:1      | Reached skill level 1 in Dodging
   781 | D:1      | Reached skill level 3 in Fighting
  1095 | D:2      | Reached XP level 4. HP: 13/31 MP: 4/4
  1645 | D:2      | Found a shattered altar of Ashenzari.
  1745 | D:2      | Found a bloodstained altar of Trog.
  1828 | D:2      | Found a hide-covered altar of Uskayaw.
  1974 | D:2      | Became a worshipper of Trog the Wrathful
  2081 | D:3      | Noticed Sigmund
  2830 | D:3      | Reached XP level 5. HP: 36/36 MP: 5/5
  3043 | D:3      | Reached skill level 4 in Armour
  3062 | D:3      | Reached skill level 4 in Shields
  3189 | D:3      | Found an iron altar of Okawaru.
  3283 | D:3      | Killed Sigmund
  3283 | D:3      | Reached skill level 3 in Long Blades
  3283 | D:3      | Reached skill level 2 in Dodging
  3283 | D:3      | Reached XP level 6. HP: 26/42 MP: 6/6
  3481 | D:3      | Noticed an ogre
  3487 | D:3      | Killed an ogre
  3715 | D:3      | Reached XP level 7. HP: 47/47 MP: 7/7
  3718 | D:3      | Reached skill level 3 in Dodging
  4047 | D:4      | HP: 10/47 [hound (4)]
  4050 | D:4      | Reached skill level 4 in Fighting
  4087 | D:4      | Reached * piety under Trog
  4421 | D:4      | Reached skill level 5 in Armour
  4421 | D:4      | Reached skill level 5 in Shields
  4653 | D:4      | Found a shadowy altar of Dithmenos.
  5055 | D:4      | Found Somit's Distillery.
  5219 | D:5      | Entered Level 5 of the Dungeon
  5280 | D:5      | Reached skill level 4 in Long Blades
  5280 | D:5      | Reached XP level 8. HP: 54/54 MP: 8/8
  5315 | D:5      | Noticed Galewind's ghost (amateur DsFE)
  5529 | D:5      | Killed Galewind's ghost
  5529 | D:5      | Reached skill level 4 in Dodging
  5534 | D:5      | Noticed Duvessa
  5708 | D:5      | Noticed Dowan
  5710 | D:5      | Killed Duvessa
  5765 | D:5      | Killed Dowan
  5765 | D:5      | Reached ** piety under Trog
  6500 | D:6      | Reached skill level 5 in Fighting
  6500 | D:6      | Reached skill level 6 in Armour
  6500 | D:6      | Reached skill level 6 in Shields
  6547 | D:6      | Reached XP level 9. HP: 33/61 MP: 9/9
  6716 | D:6      | Found a radiant altar of Vehumet.
  6723 | D:6      | Found a sacrificial altar of Ru.
  6855 | D:6      | Reached skill level 5 in Long Blades
  6855 | D:6      | Reached skill level 5 in Dodging
  6944 | D:6      | Found a hazy altar of Hepliaklqana.
  7047 | D:6      | Found a sparkling altar of Nemelex Xobeh.
  7072 | D:6      | Found a staircase to the Ecumenical Temple.
  7473 | D:7      | Reached *** piety under Trog
  7532 | D:7      | Found a burning altar of Makhleb.
  7689 | D:7      | Found Meschav's Antique Armour Boutique.
  7694 | D:7      | Bought a shiny shield for 240 gold pieces
  7861 | D:7      | Reached skill level 7 in Armour
  7861 | D:7      | Reached skill level 6 in Dodging
  7861 | D:7      | Reached skill level 7 in Shields
  7981 | D:7      | Reached skill level 6 in Long Blades
  8058 | D:7      | Noticed a moth of wrath
  8061 | D:7      | Found a bloodstained altar of Trog.
  8336 | D:8      | Noticed Psyche
  8340 | D:8      | Killed Psyche
  8340 | D:8      | Reached skill level 6 in Fighting
  8340 | D:8      | Reached XP level 10. HP: 68/68 MP: 10/10
  8404 | D:8      | Noticed a two-headed ogre
  8419 | D:8      | Killed a two-headed ogre
  8552 | D:8      | Noticed a two-headed ogre
  8571 | D:8      | Killed a two-headed ogre
  8571 | D:8      | Reached skill level 7 in Long Blades
  8571 | D:8      | Reached skill level 8 in Armour
  8571 | D:8      | Reached skill level 7 in Dodging
  8571 | D:8      | Reached skill level 8 in Shields
  8760 | D:8      | Found Poero's Armour Emporium.
  8762 | D:8      | Noticed a two-headed ogre
  8769 | D:8      | Killed a two-headed ogre
  8769 | D:8      | Reached skill level 7 in Fighting
  8769 | D:8      | Reached XP level 11. HP: 75/75 MP: 11/11
  8793 | D:8      | Found a deep blue altar of Sif Muna.
  8803 | D:8      | Noticed a two-headed ogre
  8828 | D:8      | Killed a two-headed ogre
  8828 | D:8      | Reached **** piety under Trog
  9047 | D:8      | Found a snail-covered altar of Cheibriados.
  9088 | D:8      | Found a shadowy altar of Dithmenos.
  9110 | D:8      | Noticed a two-headed ogre
  9123 | D:8      | Killed a two-headed ogre
  9123 | D:8      | Reached skill level 8 in Dodging
  9353 | D:8      | Noticed an oklob plant
  9361 | D:8      | Reached skill level 9 in Armour
  9387 | D:8      | Killed an oklob plant
  9387 | D:8      | Reached skill level 9 in Shields
  9430 | D:9      | Reached skill level 8 in Long Blades
  9510 | D:9      | Noticed a two-headed ogre
  9535 | D:9      | Killed a two-headed ogre
  9737 | D:9      | Reached ***** piety under Trog
  9866 | D:9      | Reached skill level 8 in Fighting
 10093 | D:7      | Bought a dazzling leather armour for 224 gold pieces
 10103 | D:7      | Identified the +1 leather armour "Aqibox" {rPois rC+ rCorr} (You bought it in a shop on level 7 of the Dungeon)
 10167 | D:10     | Entered Level 10 of the Dungeon
 10186 | D:10     | Noticed a deep elf mage
 10207 | D:10     | Killed a deep elf mage
 10207 | D:10     | Reached XP level 12. HP: 64/82 MP: 12/12
 10234 | D:10     | Noticed a two-headed ogre
 10243 | D:10     | Killed a two-headed ogre
 10243 | D:10     | Reached skill level 9 in Dodging
 10581 | D:10     | Noticed a centaur warrior
 10595 | D:10     | Killed a centaur warrior
 10840 | D:10     | Found a burning altar of Makhleb.
 10913 | D:10     | Reached skill level 10 in Armour
 10942 | D:10     | Reached skill level 9 in Long Blades
 10942 | D:10     | Reached skill level 10 in Shields
 11116 | D:11     | Found a labyrinth entrance.
 11123 | Lab      | Entered a labyrinth
 12240 | Lab      | Noticed a minotaur
 12263 | Lab      | HP: 17/126 [minotaur (21)]
 12264 | Lab      | Slain by a minotaur

Vault maps used:
D:1:      dpeg_arrival_shelter
D:2:      lemuel_coloured_pillars_altar, nicolae_overflow_hidden_temple,
          lemuel_doored_altar
D:3:      kennysheep_okawaru_gauntlet, first_ration, hangedman_decor_slide_cut,
          lemuel_another_geyser, uniq_sigmund
D:4:      serial_shops, shop, nicolae_dithmenos_through_a_glass_darkly
D:5:      kennysheep_crisscross, uniq_duvessa
D:6:      lemuel_crystal_altar, overflow_temple_1_default, old_standard_altar,
          minmay_temple_entry_enclosed_plants, nemelex_spade_bored_becter
D:7:      lemuel_round_altar, serial_shops, shop, tgw_trog
D:8:      lemuel_slime, kennysheep_mini, nicolae_overflow_crystal_walls,
          kennysheep_little_box, serial_shops, shop, uniq_psyche
D:10:     basic_altar
D:11:     lemuel_castle_with_subvaults, erik_lair_orcish_takeover, erik_orc_4,
          lab_entry_generic

Skill      XL: |  1  2  3  4  5  6  7  8  9 10 11 12 |
---------------+-------------------------------------+-----
Dodging        | 1 2 3 4 6 7 8 9 |  9.4
Fighting       | 3 4 5 6 7 8 |  8.5
Armour         | 4 5 6 7 8 9 10 | 10.0
Shields        | 4 5 6 7 8 9 10 | 10.0
Long Blades    | 3 4 6 7 8 9 |  9.0

Action                   |  1- 3 |  4- 6 |  7- 9 | 10-12 || total
-------------------------+-------+-------+-------+-------++-------
Melee: Long sword        |    86 |       |       |       ||    86
       Falchion          |    28 |   115 |   384 |   568 ||  1095
Invok: Berserk           |       |       |     8 |    14 ||    22
       Trog's Hand       |       |       |       |     2 ||     2
       Brothers in Arms  |       |       |       |     5 ||     5
Evoke: Wand              |       |       |     3 |    18 ||    21
  Use: Potion            |     1 |     4 |     1 |       ||     6
       Scroll            |       |     6 |    12 |     9 ||    27
 Stab: Distracted        |       |       |       |     1 ||     1
       Sleeping          |       |       |       |     1 ||     1
  Eat: Ration            |       |     2 |     1 |     3 ||     6
       Chunk             |       |     2 |    20 |    19 ||    41
Armor: Scale mail        |    44 |       |       |       ||    44
       Leather armour    |     6 |    26 |    10 |    54 ||    96
       Chain mail        |       |       |   116 |    74 ||   190
       Plate armour      |       |       |       |    18 ||    18
Dodge: Dodged            |    54 |    60 |   142 |   267 ||   523
Block: Shield            |    81 |    81 |   236 |   489 ||   887
       Rpst.: Long sword |    14 |       |       |       ||    14
       Falchion          |     6 |    20 |    39 |    73 ||   138

Table legend:
 A = Spawn XP
 B = Non-spawn XP
 C = Spawn XP percentage of total XP
 D = Spawn monster count
 E = Non-spawn monster count
 F = Spawn count percentage of total count
 G = Total turns spent on level
                    A         B        C        D         E        F      G
               +---------+---------+-------+---------+---------+-------+---------
         Total |       0 |   20062 |   0.0 |       0 |     308 |   0.0 | 12264
               +---------+---------+-------+---------+---------+-------+---------
           D:1 |       0 |      52 |   0.0 |       0 |      32 |   0.0 |  1026
           D:2 |       0 |      66 |   0.0 |       0 |      26 |   0.0 |  1399
           D:3 |       0 |     459 |   0.0 |       0 |      19 |   0.0 |  1545
           D:4 |       0 |     361 |   0.0 |       0 |      21 |   0.0 |  1603
           D:5 |       0 |     797 |   0.0 |       0 |      12 |   0.0 |   817
           D:6 |       0 |     637 |   0.0 |       0 |      19 |   0.0 |   859
           D:7 |       0 |    1460 |   0.0 |       0 |      35 |   0.0 |  1166
           D:8 |       0 |    7272 |   0.0 |       0 |      51 |   0.0 |  1118
           D:9 |       0 |    3938 |   0.0 |       0 |      51 |   0.0 |   634
          D:10 |       0 |    4948 |   0.0 |       0 |      40 |   0.0 |   912
          D:11 |       0 |      72 |   0.0 |       0 |       2 |   0.0 |    44
               +---------+---------+-------+---------+---------+-------+---------

Vault maps used:
D:1:      dpeg_arrival_shelter
D:2:      lemuel_coloured_pillars_altar, nicolae_overflow_hidden_temple,
          lemuel_doored_altar
D:3:      kennysheep_okawaru_gauntlet, first_ration, hangedman_decor_slide_cut,
          lemuel_another_geyser, uniq_sigmund
D:4:      serial_shops, shop, nicolae_dithmenos_through_a_glass_darkly
D:5:      kennysheep_crisscross, uniq_duvessa
D:6:      lemuel_crystal_altar, overflow_temple_1_default, old_standard_altar,
          minmay_temple_entry_enclosed_plants, nemelex_spade_bored_becter
D:7:      lemuel_round_altar, serial_shops, shop, tgw_trog
D:8:      lemuel_slime, kennysheep_mini, nicolae_overflow_crystal_walls,
          kennysheep_little_box, serial_shops, shop, uniq_psyche
D:10:     basic_altar
D:11:     lemuel_castle_with_subvaults, erik_lair_orcish_takeover, erik_orc_4,
          lab_entry_generic

Table legend:
 A = Turns spent in this place as a percentage of turns spent in the entire game.
 B = Non-inter-level travel turns spent in this place as a percentage of non-inter-level travel turns spent in the entire game.
 C = Inter-level travel turns spent in this place as a percentage of turns spent in this place.
 D = Turns resting spent in this place as a percentage of non-inter-level travel turns spent in this place.
 E = Turns spent auto-exploring this place as a percentage of non-inter-level travel turns spent in this place.
 F = Non-inter-level travel turns spent in this place divided by the number of levels of this place that you've seen.
                   A       B       C       D       E      F
               +-------+-------+-------+-------+-------+----------------------
         Total | 100.0 | 100.0 |   4.7 |  25.5 |  43.2 | 974.2
       Dungeon |  90.7 |  90.2 |   5.2 |  28.3 |  47.9 | 959.0
     Labyrinth |   9.3 |   9.8 |   0.0 |   0.0 |   0.0 | 1141.0
               +-------+-------+-------+-------+-------+----------------------

Table legend:
 A = Kills in this place as a percentage of kills in entire the game.
 B = Kills by you in this place as a percentage of kills by you in the entire game.
 C = Kills by friends in this place as a percentage of kills by friends in the entire game.
 D = Other kills in this place as a percentage of other kills in the entire game.
 E = Experience gained in this place as a percentage of experience gained in the entire game.
 F = Experience gained in this place divided by the number of levels of this place that you have seen.
                   A       B       C       D       E      F
               +-------+-------+-------+-------+-------+----------------------
         Total | 100.0 | 100.0 | 100.0 |   N/A | 100.0 | 1671.8
       Dungeon | 100.0 | 100.0 | 100.0 |   N/A | 100.0 | 1823.8
               +-------+-------+-------+-------+-------+----------------------
